 Dungeon Crawl Stone Soup version 0.30.1-11-g7821555f0a (webtiles) character file.

Game seed: 10807739555059359365

18188 Brotato the Brawler (level 12, -11/113 HPs)
             Began as a Troll Fighter on Dec 20, 2023.
             Was an Elder of Qazlal.
             Killed from afar by a deep elf pyromancer (38 damage)
             ... with a bolt of fire
             ... on level 13 of the Dungeon.
             The game lasted 01:12:11 (10239 turns).

Brotato the Brawler (Troll Fighter)                Turns: 10239, Time: 01:12:13

Health: -11/113    AC:  9    Str: 33    XL:     12   Next: 25%
Magic:  11/11      EV: 11    Int:  6    God:    Qazlal [****..]
Gold:   497        SH:  5    Dex: 11    Spells: 11/11 levels left

rFire   . .          .
                       - Unarmed
rCold   . . .        c - orb {light}
rNeg    . . .        y - +1 acid dragon scales
rPois   +            (helmet restricted)
rElec   .            (no cloak)
rCorr   +            (gloves unavailable)
SInv    .            (boots unavailable)
Will    .....        w - amulet of the acrobat
Stlth   +            C - +6 ring of strength
HPRegen 1.18/turn    V - ring of poison resistance
MPRegen 0.12/turn

%: repel missiles, acrobat
@: glowing
A: large, unfitting armour, claws 3, regeneration 1, shaggy fur 1, tough skin 1
a: Renounce Religion, Upheaval, Elemental Force


You were on level 13 of the Dungeon.
You worshipped Qazlal.
Qazlal was greatly pleased with you.
You visited 2 branches of the dungeon, and saw 14 of its levels.
You also visited: Sewer.

You collected 813 gold pieces.
You spent 316 gold pieces at shops.

Inventory:

Hand Weapons
 k - a +0 sling
Missiles
 a - 17 boomerangs
 n - 3 throwing nets
 t - 39 poisoned darts (quivered)
 P - 2 curare-tipped darts
Armour
 b - a +1 kite shield
 c - an orb of light (worn)
 o - +1 steam dragon scales
 y - +1 acid dragon scales (worn)
 B - a scarf of invisibility
Magical Staves
 v - a staff of fire
Jewellery
 e - a ring of resist corrosion
 w - an amulet of the acrobat (around neck)
 C - a +6 ring of strength (left claw)
 H - a ring of protection from fire
 V - a ring of poison resistance (right claw)
Wands
 l - a wand of flame (17)
 p - a wand of iceblast (6)
 r - a wand of polymorph (12)
 M - a wand of acid (5)
 Y - a wand of charming (11)
Scrolls
 d - 2 scrolls of fear {unknown}
 f - 3 scrolls of amnesia {unknown}
 g - 2 scrolls of blinking
 h - a scroll of acquirement {unknown}
 i - a scroll of noise {unknown}
 m - 2 scrolls of enchant weapon {unknown}
 u - a scroll of vulnerability {unknown}
 z - 8 scrolls of teleportation
 D - 5 scrolls of magic mapping
 Q - 3 scrolls of enchant armour
 R - 5 scrolls of fog {unknown}
 T - a scroll of torment {unknown}
 U - a scroll of butterflies {unknown}
 W - a scroll of brand weapon {unknown}
Potions
 j - a potion of ambrosia {unknown}
 q - 4 potions of haste
 s - a potion of resistance
 x - 4 potions of cancellation {unknown}
 A - a potion of degeneration {unknown}
 G - 2 potions of lignification {unknown}
 J - a potion of invisibility {unknown}
 L - 2 potions of mutation {unknown}
 N - 4 potions of magic {unknown}
 O - 10 potions of curing {unknown}
 S - 2 potions of might
 X - 2 potions of brilliance {unknown}
 Z - a potion of berserk rage {unknown}


   Skills:
 + Level 5.9 Fighting
 + Level 3.1 Ranged Weapons
 + Level 0.3 Throwing
 + Level 7.0 Dodging
 + Level 2.3 Stealth
 + Level 5.2 Shields
 + Level 15.5 Unarmed Combat
 + Level 1.2 Evocations


You had 11 spell levels left.
You didn't know any spells.
Your spell library contained the following spells:

 Spells                   Type           Power      Damage    Failure   Level
 Kiss of Death            Conj/Necr      0%         2d5       52%         1
 Cigotuvi's Dreadful Rot  Necr/Pois/Air  0%         N/A       65%         2
 Confusing Touch          Hex            0%         N/A       87%         3
 Dispel Undead            Necr           0%         3d6       99%         4
 Death Channel            Necr           0%         N/A       100%        6


Dungeon Overview and Level Annotations

Branches:
Dungeon (13/15)            Temple (1/1) D:7            Lair (0/5) D:11
    Orc (0/2) D:10          Sewer (visited)
 Vaults: D:13-14

Altars:
Ashenzari
Cheibriados
Dithmenos
Elyvilon
Fedhas
Gozag
Hepliaklqana
Kikubaaqudgha
Makhleb
Nemelex Xobeh
Okawaru
Qazlal
Ru
Sif Muna
Trog
Uskayaw
Vehumet
Wu Jian
Xom
Yredelemnul
Zin
The Shining One

Shops:
D:7 *   D:9 (   D:10 [   D:13 [

Portals:
Trove: D:13 (give 5 scrolls of fog)

Annotations:
D:5 3 runed translucent doors, middlethird's ghost, novice VSTm


Innate Abilities, Weirdness & Mutations

You are too large for most types of armour.
You have claws for hands.
Your natural rate of healing is unusually fast.
You are covered in fur. (AC +1)
You have tough skin. (AC +1)


Message History

The stone arrow hits the deep elf pyromancer!
A slime creature comes into view.
The deep elf pyromancer casts a spell at you.
The sticky flame misses you.
The sticky flame hits the gargoyle but does no damage.
The gargoyle is covered in liquid flames!
A centaur comes into view.
Items here: $ )) †.
You scratch the gargoyle but do no damage.
The gargoyle burns!
You block the gargoyle's attack.
You mangle the gargoyle!!
You destroy the gargoyle!
Qazlal accepts your kill.
You hear a shout!
The deep elf pyromancer hits you with a +2 rapier of freezing.
The deep elf pyromancer freezes you.
You hear a shout!
Your Dodging skill increases to level 7!
A slime creature comes into view.
The slime creature barely misses you.
You see here a +0 flail.
You mangle the slime creature!!
The slime creature is moderately wounded.
The centaur wields a +0 shortbow.
The centaur shoots an arrow.
The arrow hits you!
You mangle the slime creature!!
The slime creature is almost dead.
The centaur shoots an arrow.
The arrow hits you. The slime creature hits you!!
* * * LOW HITPOINT WARNING * * *
The deep elf pyromancer hits you with a +2 rapier of freezing.
* * * LOW HITPOINT WARNING * * *
The deep elf pyromancer freezes you.
* * * LOW HITPOINT WARNING * * *
You claw the deep elf pyromancer!
The deep elf pyromancer is severely wounded.
The centaur shoots an arrow.
The arrow hits you.
* * * LOW HITPOINT WARNING * * *
The deep elf pyromancer casts a spell at you.
The bolt of fire hits you!!!
You die...

#..........# #..........#
#..........# ### #..........#
##.## #..........#######...##
#......).......##..#..####
#..####'####..##cJ###..#.#
#..#.......#..#.J##.##...#
#..#.......#..#@##...##..#
#..#.......#..#e#..#..#..###
#..#.......#..#E#.###.#....#
##..#######+#..#°#.#∩#.#....#
####.......)...#°#.#.#.#....#####
##∩#...........#.#...#.#.........
.'####'######..#.##.##.#.........
...#........#..#..###..#.........
...#........#..##..#..##.........


You could see 2 slime creatures, a deep elf pyromancer, a fire elemental
(summoned) and a centaur.

Vanquished Creatures
  Erolcha (D:10)
  A centaur warrior (D:13)
  2 boulder beetles
  A two-headed ogre (D:9)
  An orc knight (D:10)
  A deep elf pyromancer (D:8)
  A cyclops (D:11)
  2 ugly things (D:12)
  A manticore (D:11)
  An elephant (D:11)
  2 gargoyles
  A komodo dragon (D:11)
  2 kobold demonologists
  An efreet (D:13)
  4 trolls
  2 vampires
  A shadow (D:12)
  13 yaks
  A basilisk (D:11)
  6 wyverns
  8 vampire mosquitoes (D:12)
  5 steam dragons
  An acid dragon (D:10)
  A water moccasin (D:7)
  3 orc warriors
  3 black bears
  9 centaurs
  9 ogres
  6 kobold brigands
  A gnoll sergeant (D:12)
  7 bullfrogs
  6 scorpions
  8 killer bees
  4 howler monkeys
  2 jellies (D:4)
  3 hounds
  8 orc priests
  A sleepcap (D:4)
  Ijyb (D:5)
  Natasha (thrice) (D:2)
  Terence (D:1)
  2 iguanas (D:5)
  7 orc wizards
  9 gnolls
  4 river rats
  12 adders
  2 shadow imps
  3 white imps
  5 ufetubi
  6 worms
  5 dart slugs
  53 orcs
  8 bats
  10 endoplasms
  8 giant cockroaches
  7 goblins
  12 hobgoblins
  2 quokkas
  10 ball pythons
  4 frilled lizards
  20 kobolds
  6 rats
  2 butterflies (D:9)
332 creatures vanquished.

Notes
Turn   | Place    | Note
-------+----------+-------------------------------------------
     0 | D:1      | Brotato the Troll Fighter began the quest for the Orb.
     0 | D:1      | Reached XP level 1. HP: 22/22 MP: 0/0
    46 | D:1      | Reached XP level 2. HP: 25/29 MP: 1/1
   263 | D:1      | Reached XP level 3. HP: 36/36 MP: 2/2
   658 | D:2      | Noticed Terence
   683 | D:1      | Killed Terence
   684 | D:1      | Reached XP level 4. HP: 34/44 MP: 3/3
   710 | D:2      | Noticed Natasha
   717 | D:2      | Killed Natasha
   718 | D:2      | Reached skill level 3 in Unarmed Combat
   776 | D:2      | Noticed Natasha
   787 | D:2      | Killed Natasha
   788 | D:2      | Reached XP level 5. HP: 47/53 MP: 4/4
  1422 | D:2      | Noticed Natasha
  1428 | D:2      | Killed Natasha
  1670 | D:3      | Reached skill level 4 in Unarmed Combat
  2019 | D:4      | Reached XP level 6. HP: 61/61 MP: 5/5
  2144 | D:4      | Reached skill level 5 in Unarmed Combat
  2206 | D:4      | Reached XP level 7. HP: 67/67 MP: 6/6
  2657 | D:4      | Reached skill level 1 in Ranged Weapons
  2816 | D:5      | Entered Level 5 of the Dungeon
  2857 | D:5      | Found a runed translucent gate.
  2858 | D:5      | Found a runed translucent gate.
  2858 | D:5      | Noticed middlethird's ghost (novice VSTm)
  2859 | D:5      | Found a runed translucent gate.
  2967 | D:5      | Noticed Ijyb
  2973 | D:5      | Killed Ijyb
  3074 | D:5      | Found a glowing drain.
  3091 | Sewer    | Entered a sewer
  3264 | Sewer    | Reached skill level 1 in Stealth
  3729 | D:5      | Reached XP level 8. HP: 75/75 MP: 7/7
  3783 | D:5      | Found a hide-covered altar of Uskayaw.
  3795 | D:5      | Reached skill level 6 in Unarmed Combat
  4189 | D:6      | Reached skill level 7 in Unarmed Combat
  4223 | D:6      | Found a stormy altar of Qazlal.
  4230 | D:6      | Became a worshipper of Qazlal Stormbringer
  4284 | D:6      | Found a burning altar of Makhleb.
  4461 | D:6      | Reached skill level 8 in Unarmed Combat
  4461 | D:6      | Reached XP level 9. HP: 49/84 MP: 8/8
  4765 | D:6      | Reached skill level 9 in Unarmed Combat
  5373 | D:7      | Found a staircase to the Ecumenical Temple.
  5380 | D:7      | Reached skill level 10 in Unarmed Combat
  5396 | Temple   | Entered the Ecumenical Temple
  5569 | D:7      | Reached * piety under Qazlal
  5729 | D:7      | Found Xarphaf's Assorted Antiques.
  5751 | D:7      | Reached skill level 5 in Dodging
  6400 | D:8      | Noticed a deep elf pyromancer
  6407 | D:8      | Reached XP level 10. HP: 93/94 MP: 9/9
  6413 | D:8      | Killed a deep elf pyromancer
  6414 | D:8      | Reached skill level 11 in Unarmed Combat
  6999 | D:7      | Bought a scroll of identify for 54 gold pieces
  6999 | D:7      | Bought a scroll of identify for 54 gold pieces
  7125 | D:9      | Noticed a two-headed ogre
  7130 | D:9      | Killed a two-headed ogre
  7193 | D:9      | Reached skill level 5 in Fighting
  7237 | D:9      | Reached skill level 12 in Unarmed Combat
  7481 | D:9      | Found a shimmering blue altar of Sif Muna.
  7567 | D:9      | Found Huugai's Weapon Shop.
  7705 | D:10     | Entered Level 10 of the Dungeon
  7777 | D:10     | Reached ** piety under Qazlal
  7789 | D:10     | Found a staircase to the Orcish Mines.
  7815 | D:10     | Noticed an orc knight
  7833 | D:10     | Killed an orc knight
  8072 | D:10     | Noticed a gargoyle
  8077 | D:10     | Killed a gargoyle
  8078 | D:10     | Reached XP level 11. HP: 104/104 MP: 10/10
  8157 | D:10     | Noticed Erolcha
  8166 | D:10     | Killed Erolcha
  8167 | D:10     | Reached skill level 13 in Unarmed Combat
  8239 | D:10     | Found Ratwoas's Antique Armour Shoppe.
  8239 | D:10     | You fall into a shaft and drop 2 floors!
  8288 | D:11     | Found a bloodstained altar of Trog.
  8325 | D:10     | Bought a runed scarf for 208 gold pieces
  8463 | D:11     | Reached *** piety under Qazlal
  8476 | D:11     | Reached skill level 1 in Evocations
  8607 | D:11     | Found a faded altar of an unknown god.
  8610 | D:11     | Noticed a boulder beetle
  8621 | D:11     | Killed a boulder beetle
  8622 | D:11     | Reached skill level 14 in Unarmed Combat
  8622 | D:11     | HP: 5/104 [komodo dragon (9)]
  8853 | D:11     | Found a staircase to the Lair.
  9039 | D:12     | Noticed a brown ugly thing
  9046 | D:12     | Killed a brown ugly thing
  9502 | D:12     | Noticed a boulder beetle
  9513 | D:12     | Killed a boulder beetle
  9514 | D:12     | Reached skill level 5 in Shields
  9514 | D:12     | Reached skill level 15 in Unarmed Combat
  9514 | D:12     | Reached XP level 12. HP: 46/113 MP: 11/11
  9963 | D:13     | Found Rissuafo's Armour Shop.
 10182 | D:13     | Found a portal to a secret trove of treasure.
 10207 | D:13     | Noticed a centaur warrior
 10211 | D:13     | Reached **** piety under Qazlal
 10215 | D:13     | Killed a centaur warrior
 10239 | D:13     | Killed from afar by a deep elf pyromancer

Illustrated notes

Levels and vault maps discovered:
D:1:      psy_arrival_fountain, layout_loops_ring
D:2:      minmay_skewed_foursquare, layout_rooms, uniq_natasha, uniq_terence
D:3:      corexii_shack_village, layout_rooms, st_stairs_12
D:4:      layout_rooms
D:5:      layout_loops_corners, mainiacjoe_overflow_six_doors_small,
          gammafunk_ghost_necromancy, cheibrodos_sewer_entry_sluice, uniq_ijyb
D:6:      layout_basic, mainiacjoe_overflow_small_starburst,
          overflow_temple_1_default, nicolae_benzene_ring
D:7:      layout_loops_cross, minmay_temple_entry_wispy, nicolae_take_the_stairs
D:8:      layout_gridville, hangedman_minor_gate_pass
D:9:      layout_basic, tgw_sif, serial_shops, nicolae_shop_statue_plus,
          hangedman_glass_garden
D:10:     layout_rooms, david_orc_5, serial_shops, kennysheep_little_box,
          corexii_corridor_pit, uniq_erolcha
D:11:     layout_big_octagon, david_lair_generic, serial_column_ruins,
          column_ruins_temple_hall, column_ruins_hut_ruined,
          column_ruins_open_tiny, column_ruins_grid_2, column_ruins_grid_3,
          column_ruins_grid_4, trog_butcher_becter
D:12:     layout_irregular_city
D:13:     layout_irregular_city, trove_entry_hex_spiral, serial_shops,
          nicolae_shop_tiny_glass, uniq_lodul
Temple:   dpeg_three_leaves_temple

Skill      XL: |  1  2  3  4  5  6  7  8  9 10 11 12 |
---------------+-------------------------------------+-----
Shields        | 3 4 5 |  5.2
Dodging        | 3 4 5 6 7 |  7.0
Unarmed Combat | 3 4 5 8 10 12 15 | 15.5
Fighting       | 3 4 5 |  5.9
Ranged Weapons | 2 3 |  3.1
Stealth        | 1 2 |  2.3
Evocations     | 1 |  1.2
Throwing       | |  0.3

Action                     |  1- 3 |  4- 6 |  7- 9 | 10-12 || total
---------------------------+-------+-------+-------+-------++-------
  Melee: Unarmed           |    58 |   190 |   231 |   319 ||   798
   Fire: Sling             |       |       |    47 |       ||    47
  Throw: Dart              |       |     4 |       |     1 ||     5
  Evoke: Wand              |       |       |       |    11 ||    11
    Use: Scroll            |     2 |     1 |     4 |     5 ||    12
         Potion            |     1 |       |       |     4 ||     5
   Stab: Sleeping          |       |     3 |       |       ||     3
 Armour: Robe              |    15 |    37 |    34 |       ||    86
         Steam dragon scal |       |       |    13 |    14 ||    27
         Acid dragon scale |       |       |       |    73 ||    73
  Dodge: Dodged            |    20 |    60 |   180 |   227 ||   487
         Repelled          |       |       |       |     1 ||     1
  Block: Kite shield       |    23 |    86 |    10 |       ||   119
         Orb               |       |       |       |    63 ||    63
